 Dungeon Crawl Stone Soup version 0.27-a0-1502-g47ed6a6988 (webtiles) character file.

Game seed: 3361852958550984708

44 snetch the Magician (level 3, -3/25 HPs)
             Began as a Djinni Fire Elementalist on July 8, 2021.
             Was a Believer of Elyvilon.
             Killed by an exploding giant cockroach (11 damage)
             ... ignited by their inner flame
             ... on level 4 of the Dungeon.
             The game lasted 00:05:27 (1416 turns).

snetch the Magician (Djinni Fire Elementalist)      Turns: 1416, Time: 00:05:28

Health: -3/25      AC:  2    Str:  7    XL:     3   Next: 85%
Gold:   86         EV: 12    Int: 17    God:    Elyvilon [**....] SH:  0 Dex: 13

rFire    + + .     SeeInvis .   (no weapon)
rCold    x . .     Faith    .   (no shield)
rNeg     . . .     Spirit   .   a - +0 robe
rPois    ∞         Reflect  .   (no helmet)
rElec    .         Harm     .   (no cloak)
rCorr    .         Rampage  .   (no gloves)
Will     .....                  (boots unavailable)
Stlth    ++........             (no amulet)
HPRegen  0.08/turn              (no ring)
MPRegen  0.00/turn              (no ring)

@: flying
A: sickness immunity, fire resistance 2, cold vulnerability 1, float, innate
caster, hp casting, extra vitality 1
a: Renounce Religion, Lesser Healing, Heal Other, Divine Protection


You were on level 4 of the Dungeon.
You worshipped Elyvilon.
Elyvilon was pleased with you.
You visited 1 branch of the dungeon, and saw 4 of its levels.

You collected 86 gold pieces.

Inventory:

Missiles
 c - 105 stones
 d - 5 boomerangs
Armour
 a - a +0 robe (worn)
Scrolls
 b - a scroll of fear {unknown}
 e - a scroll of holy word {unknown}
 g - a scroll of enchant weapon {unknown}
Potions
 f - a potion of invisibility {unknown}
 h - a potion of haste {unknown}


   Skills:
 + Level 2.4 Dodging
 + Level 2.0 Stealth
 + Level 3.2 Spellcasting


You couldn't memorise any spells.
You knew the following spells:

 Your Spells              Type           Power      Damage    Failure   Level
a - Foxfire               Conj/Fire      52%        2x1d6     4%          1
b - Conjure Flame         Conj/Fire      13%        6-21      13%         3
c - Inner Flame           Hex/Fire       13%        N/A       13%         3
d - Sticky Flame          Conj/Fire      13%        2d4       41%         4
e - Fireball              Conj/Fire      6%         3d5       77%         5
f - Sandblast             Erth           26%        2d8       4%          1
Your spell library was empty.

Dungeon Overview and Level Annotations

Branches:
Dungeon (4/15)
 Temple: D:4-7

Altars:
Elyvilon


Innate Abilities, Weirdness & Mutations

You are immune to sickness and miasma.
You are immune to poison.
Your flesh is very heat resistant. (rF++)
You are vulnerable to cold. (rC-)
You float through the air rather than walking.
You learn spells naturally, not from books.
Your magical power is your life essence.
You have superior vitality. (+4 HP)


Message History

The foxfire hits the phantom.
The phantom is lightly damaged.
The foxfire hits the phantom.
The phantom is moderately damaged.
A kobold comes into view. It is wielding a +0 whip.
The giant cockroach bites you.
There is a stone staircase leading down here.
The giant cockroach barely misses you.
The giant cockroach bites you but does no damage.
You fly downwards.
You hear the hiss of flowing sand.
There is an entrance to an ossuary on this level.
Hurry and find it before the portal is buried!
A necrophage comes into view.
Found a short sword and a hunting sling.
There is a stone staircase leading up here.
Okay, then.
Unknown command.
Casting: Foxfire (safe; 4% risk of failure)
Confirm with . or Enter, or press ? or * to list all spells.
The spell is quite dangerous to cast (13% risk of failure)!
Continue anyway?
Aiming: Inner Flame (quite dangerous; 13% risk of failure)
Press: ? - help, Shift-Dir - straight line, f - giant cockroach
Aim: a giant cockroach (chance to affect: 81%)
The giant cockroach is filled with an inner flame.
The giant cockroach bites you but does no damage.
Unknown command.
The giant cockroach closely misses you.
Press: ? - help, v - describe, . - travel
Here: a giant cockroach (inner flame)
The floor.
Casting: Inner Flame (quite dangerous; 13% risk of failure)
Confirm with . or Enter, or press ? or * to list all spells.
Aiming: Sandblast (safe; 4% risk of failure)
Press: ? - help, Shift-Dir - straight line, f/p - giant cockroach
Aim: a giant cockroach (inner flame, 79% to hit)
The blast of sand hits the giant cockroach.
c - 105 stones The giant cockroach explodes!
The fiery explosion engulfs you! You resist.
You die...

# ..
.##...
###....
#...#
#@#.#
####...#
#.<§n.##
#.....#
##..###
..##
#..#
)..#
.##).


You could see a necrophage.

Vanquished Creatures
  An adder (D:2)
  3 endoplasms
  3 giant cockroaches
  2 hobgoblins
  2 jackals (D:1)
  A quokka (D:1)
  4 ball pythons (D:1)
  2 bats
  3 frilled lizards
  7 goblins
  4 kobolds (D:1)
  A rat (D:1)
33 creatures vanquished.

Vanquished Creatures (others)
  104 foxfires
104 creatures vanquished.

Grand Total: 137 creatures vanquished

Notes
Turn   | Place    | Note
-------+----------+-------------------------------------------
     0 | D:1      | snetch the Djinni Fire Elementalist began the quest for the
                  | Orb.
     0 | D:1      | Reached XP level 1. HP: 15/15 MP: 0/0
    80 | D:1      | Reached XP level 2. HP: 9/21 MP: 0/0
   425 | D:1      | Reached skill level 3 in Spellcasting
   597 | D:1      | Reached XP level 3. HP: 19/25 MP: 0/0
   597 | D:1      | Learned a level 1 spell: Sandblast
   691 | D:1      | Found a faded altar of an unknown god.
   729 | D:1      | Became a worshipper of Elyvilon the Healer
   729 | D:1      | Reached * piety under Elyvilon
  1396 | D:3      | Noticed a phantom
  1399 | D:3      | Reached ** piety under Elyvilon
  1411 | D:4      | Noticed a necrophage
  1416 | D:4      | Killed by an exploding giant cockroach... ignited by their
                  | inner flame

Illustrated notes

Levels and vault maps discovered:
D:1:      heliophobic_arrival_dark_side_of_the_moon, layout_basic,
          basic_ecumenical_altar, minmay_unequal
D:2:      layout_loops_ring, serial_shops, shop
D:3:      layout_loops_ring, st_stairs_13, uniq_crazy_yiuf_cottage
D:4:      layout_rooms, nicolae_ossuary_entry_monument, serial_shops,
          nicolae_shop_stone, minmay_starry_boxes, uniq_pikel

Skill      XL: |  1  2  3 |
---------------+----------+-----
Spellcasting   | 3 |  3.2
Stealth        | 2 |  2.0
Dodging        | |  2.4

Action                   || total
-------------------------++-------
 Cast: Foxfire           ||    63
       Sandblast         ||     1
       Inner Flame       ||     1
Armor: Robe              ||     7
Dodge: Dodged            ||    12

Table legend: (Time is in decaauts)
 A = Elapsed time spent in this place.
 B = Non-inter-level travel time spent in this place.
 C = Inter-level travel time spent in this place.
 D = Time resting spent in this place.
 E = Time spent auto-exploring this place.
 F = Levels seen in this place.
 G = Mean time per level.
                   A        B        C        D        E       F      G
               +--------+--------+--------+--------+--------+-----+--------+
         Total |   1419 |   1406 |     13 |     89 |   1022 |   4 |  354.8 |
       Dungeon |   1419 |   1406 |     13 |     89 |   1022 |   4 |  354.8 |
               +--------+--------+--------+--------+--------+-----+--------+

Top non-repeatable levels by time:
     D:1: 1023 daAuts
     D:2: 362 daAuts
     D:3: 28 daAuts
     D:4: 4 daAuts
